 Dungeon Crawl Stone Soup version 0.31-a0-263-ge8cad7f256 (webtiles) character file.

Game seed: 2084037798431191178

536 qw the Shooter (level 7, -8/59 HPs)
             Began as a Minotaur Hexslinger on July 13, 2023.
             Mangled by an orc warrior
             ... wielding a +0 battleaxe
              (20 damage)
             ... on level 5 of the Dungeon.
             The game lasted 00:01:20 (3268 turns).

qw the Shooter (Minotaur Hexslinger)                Turns: 3268, Time: 00:01:21

Health: -8/59      AC:  6    Str: 14    XL:     7   Next: 4%
Magic:  7/7        EV: 11    Int: 10    God:
Gold:   292        SH:  0    Dex: 15    Spells: 7/8 levels left

rFire   + . .        Y - +3 sling (freeze)
rCold   . . .        (no shield)
rNeg    . . .        f - +0 ring mail
rPois   .            (helmet restricted)
rElec   .            (no cloak)
rCorr   +            (no gloves)
SInv    .            k - +0 pair of boots
Will    .....        h - amulet of the acrobat
Stlth   +            b - ring "Kyash" {rF+ rCorr Str+2}
HPRegen 0.29/turn    (no ring)
MPRegen 0.10/turn

%: acrobat
@: no status effects
A: horns 2, retaliatory headbutt
a: no special abilities


You were on level 5 of the Dungeon.
You visited 1 branch of the dungeon, and saw 5 of its levels.

You collected 292 gold pieces.


Innate Abilities, Weirdness & Mutations

You have a pair of horns on your head.
You reflexively headbutt those who attack you in melee.


   Skills:
 - Level 4.1 Fighting
 + Level 7.5 Ranged Weapons
 - Level 1.0 Armour
 - Level 2.1 Dodging
 - Level 1.0 Spellcasting
 - Level 2.0 Hexes


You had 7 spell levels left.
You knew the following spells:

 Your Spells              Type           Power      Damage    Failure   Level
a - Slow                  Hex            16%        N/A       30%         1

Your spell library contained the following spells:

 Spells                   Type           Power      Damage    Failure   Level
 Inner Flame              Hex/Fire       2%         N/A       80%         3
 Portal Projectile        Hex/Tloc       4%         N/A       80%         3
 Cause Fear               Hex            2%         N/A       97%         4

Inventory:

Hand Weapons
 Y - a +3 sling of freezing (weapon)
Armour
 f - a +0 ring mail (worn)
 k - a +0 pair of boots (worn)
Jewellery
 b - the ring "Kyash" (left hand) {rF+ rCorr Str+2}
   (You found it on level 3 of the Dungeon)

   [ring of resist corrosion]

   Str:       It affects your strength (+2).
   rF:        It protects you from fire.
   rCorr:     It protects you from acid and corrosion.
 h - an amulet of the acrobat (around neck)
Scrolls
 a - a scroll of identify
Potions
 c - a potion of resistance {unknown}
 d - 4 potions of curing
 j - 2 potions of heal wounds {unknown}
 l - a potion of enlightenment {unknown}
 m - a potion of lignification {unknown}

Dungeon Overview and Level Annotations

Branches:
Dungeon (5/15)
 Temple: D:4-7

Altars:
Makhleb
Xom


Message History

The sling bullet barely misses the orc priest.
You shoot a sling bullet.
The sling bullet closely misses the orc priest.
The orc priest looks braver for a moment.
You shoot a sling bullet. The sling bullet hits the orc priest.
The sling bullet freezes the orc priest.
The orc priest is almost dead.
The orc warrior hits you with a +0 battleaxe!
The orc priest hits you with a +0 hand axe.
You shoot a sling bullet. The sling bullet hits the orc priest.
The sling bullet freezes the orc priest.
You kill the orc priest!
The orc warrior hits you with a +0 battleaxe.
You have reached level 7!
You shoot a sling bullet.
The sling bullet closely misses the orc warrior.
The orc warrior barely misses you. The orc closely misses you.
You shoot a sling bullet.
The sling bullet hits the orc warrior but does no damage.
The orc warrior closely misses you. The orc closely misses you.
You furiously retaliate!
You headbutt the orc!
You kill the orc!
You shoot a sling bullet.
The sling bullet barely misses the orc warrior.
The orc warrior hits you with a +0 battleaxe!
You shoot a sling bullet.
The sling bullet hits the orc warrior but does no damage.
The orc warrior hits you with a +0 battleaxe!
You shoot a sling bullet.
The sling bullet completely misses the orc warrior.
The orc warrior barely misses you.
You shoot a sling bullet. The sling bullet hits the orc warrior.
The sling bullet freezes the orc warrior.
The orc warrior is lightly wounded.
The orc warrior hits you with a +0 battleaxe.
You shoot a sling bullet.
The sling bullet hits the orc warrior but does no damage.
The orc warrior is lightly wounded.
The orc warrior hits you with a +0 battleaxe!!
You die...

..#.###.#
####...## ...##.##
...##.# ...##.#
....#%#
..#.#.############
......##.........#
.#..####.#######@#
#)#.####.####
#o)....#
....##.)....#
########
######.#.##.## #
#.......(..
####)#.#.....#.#
#.......###.....
#.##.#..# .#.#
.><........ . .


You could see an orc warrior.

Vanquished Creatures
  A phantom (D:4)
  4 crimson imps (D:3)
  A hound (D:4)
  3 orc priests (D:5)
  Natasha (D:3)
  An iguana (D:4)
  7 adders
  A worm (D:2)
  10 orcs
  A bat (D:1)
  5 endoplasms
  14 giant cockroaches
  7 hobgoblins
  2 jackals (D:1)
  5 quokkas
  3 ball pythons
  A frilled lizard (D:2)
  5 goblins
  4 kobolds
  8 rats
84 creatures vanquished.

Notes
Turn   | Place    | Note
-------+----------+-------------------------------------------
     0 | D:1      | qw the Minotaur Hexslinger began the quest for the Orb.
     0 | D:1      | Reached XP level 1. HP: 16/16 MP: 1/1
     0 | D:1      | 0 ||| qw: Version: 0.3-a-52-g30416fa
     0 | D:1      | 0 ||| qw: Game counter: 7105
     0 | D:1      | 0 ||| qw: Melee chars always use a shield: true
     0 | D:1      | 0 ||| qw: God list: Okawaru
     0 | D:1      | 0 ||| qw: Allow faded altars: false
     0 | D:1      | 0 ||| qw: Do Orc after clearing Dungeon:15 true
     0 | D:1      | 0 ||| qw: Do second Lair branch before Depths: true
     0 | D:1      | 0 ||| qw: Lair rune preference: random
     0 | D:1      | 0 ||| qw: Goals: Normal
     0 | D:1      | 0 ||| PLANNING D:1-11
    68 | D:1      | Reached skill level 3 in Ranged Weapons
    68 | D:1      | Reached XP level 2. HP: 22/23 MP: 2/2
   620 | D:1      | 620 ||| UPGRADING to +0 ring mail.
   630 | D:1      | 630 ||| DROPPING +0 robe.
   631 | D:1      | 631 ||| UPGRADING to amulet of the acrobat.
   636 | D:1      | 636 ||| READING scroll labelled ZUSELUILASH.
   637 | D:1      | 637 ||| READING 2 scrolls labelled LOSUODD ZIOWUIX.
   638 | D:1      | 638 ||| READING scroll labelled TYSURIDAUS.
   639 | D:1      | 639 ||| READING scroll labelled VAGI WURCHOA.
   644 | D:1      | 644 ||| DROPPING scroll of poison.
   645 | D:1      | 645 ||| DROPPING scroll of fog.
   674 | D:2      | 674 ||| STAIRDANCE
   810 | D:2      | Reached XP level 3. HP: 29/29 MP: 3/3
  1093 | D:2      | Reached skill level 4 in Ranged Weapons
  1314 | D:2      | Reached skill level 1 in Armour
  1440 | D:2      | 1440 ||| UPGRADING to +0 pair of boots.
  1445 | D:2      | 1445 ||| READING scroll labelled GERRET JIBLO.
  1446 | D:2      | 1446 ||| READING scroll labelled WIP RIRORONAKK.
  1447 | D:2      | 1447 ||| READING 2 scrolls labelled CEPHIT ROMPILE.
  1448 | D:2      | 1448 ||| READING scroll labelled BIOPAF LEOTIQOJ.
  1449 | D:2      | 1449 ||| DRINKING 2 blue potions.
  1554 | D:2      | 1554 ||| READING 2 scrolls of identify.
  1554 | D:2      | 1554 ||| IDENTIFYING fuming pink potion
  1555 | D:2      | 1555 ||| DROPPING scroll of blinking.
  1556 | D:2      | 1556 ||| DROPPING potion of berserk rage.
  1625 | D:3      | Identified the ring "Kyash" {rF+ rCorr Str+2}
  1654 | D:3      | Found a burning altar of Makhleb.
  1884 | D:3      | Found a shimmering altar of Xom.
  1895 | D:3      | Reached XP level 4. HP: 24/36 MP: 4/4
  1898 | D:3      | Reached skill level 5 in Ranged Weapons
  1910 | D:3      | Reached XP level 5. HP: 26/44 MP: 5/5
  1925 | D:3      | Reached skill level 3 in Fighting
  2129 | D:3      | 2129 ||| UPGRADING to ring "Kyash" {rF+ rCorr Str+2}.
  2130 | D:3      | 2130 ||| READING scroll labelled ZOCEHOHUOTH.
  2131 | D:3      | 2131 ||| READING 3 scrolls of identify.
  2131 | D:3      | 2131 ||| IDENTIFYING coppery potion
  2132 | D:3      | 2132 ||| READING 2 scrolls of identify.
  2132 | D:3      | 2132 ||| IDENTIFYING fuming silvery potion
  2133 | D:3      | 2133 ||| DROPPING potion of degeneration.
  2134 | D:3      | 2134 ||| DROPPING potion of attraction.
  2184 | D:4      | Noticed Natasha
  2191 | D:4      | 2191 ||| STAIRDANCE
  2198 | D:3      | Killed Natasha
  2388 | D:4      | Noticed a phantom
  2396 | D:4      | Killed a phantom
  2397 | D:4      | Reached skill level 6 in Ranged Weapons
  2397 | D:4      | Reached XP level 6. HP: 45/51 MP: 6/6
  2795 | D:4      | 2795 ||| READING scroll of enchant weapon.
  2795 | D:4      | 2795 ||| ENCHANTING +2 sling of freezing.
  3050 | D:4      | 3050 ||| READING scroll labelled ROTHED PYRAMEN.
  3095 | D:5      | Entered Level 5 of the Dungeon
  3192 | D:5      | Reached skill level 7 in Ranged Weapons
  3256 | D:5      | Noticed an orc warrior
  3262 | D:5      | Reached XP level 7. HP: 45/59 MP: 7/7
  3267 | D:5      | HP: 12/59 [orc warrior/+0 battleaxe (6)]
  3268 | D:5      | Mangled by an orc warrior

Levels and vault maps discovered:
D:1:      minmay_arrival_hallway, layout_basic, minmay_cut_off
D:2:      minmay_roachtagon, layout_basic, nicolae_hexahallways,
          minmay_tiny_reverse_x
D:3:      layout_basic, mainiacjoe_overflow_small_starburst, led_xom_imps,
          st_stairs_6, minivault_23
D:4:      nicolae_cairo_tiling_large, layout_basic, wad_orctagon, uniq_natasha
D:5:      layout_loops_cross, kennysheep_little_box

Skill      XL: |  1  2  3  4  5  6 |
---------------+-------------------+-----
Ranged Weapons | 3 4 5 6 7 |  7.5
Fighting       | 2 3 4 |  4.1
Armour         | 1 |  1.0
Dodging        | |  2.1
Spellcasting   | |  1.0
Hexes          | |  2.0

Action                     |  1- 3 |  4- 6 |  7- 9 || total
---------------------------+-------+-------+-------++-------
   Fire: Sling             |   146 |   134 |     7 ||   287
    Use: Scroll            |     9 |     5 |       ||    14
         Potion            |     1 |       |       ||     1
 Armour: Robe              |     3 |       |       ||     3
         Ring mail         |    22 |    34 |       ||    56
  Dodge: Dodged            |    48 |    33 |     5 ||    86

Table legend:
 A = Non-vault XP
 B = Vault XP
 C = Vault XP percentage of total XP
 D = Non-vault monster count
 E = Vault monster count
 F = Vault count percentage of total count
                 A         B        C        D         E       F
            +---------+---------+-------+---------+---------+-------
      Total |     493 |     273 |  35.6 |      60 |      24 |  28.6
            +---------+---------+-------+---------+---------+-------
        D:1 |      28 |       5 |  15.2 |      18 |       3 |  14.3
        D:2 |      20 |      23 |  53.5 |      10 |      12 |  54.5
        D:3 |      29 |     233 |  88.9 |       9 |       5 |  35.7
        D:4 |     221 |      12 |   5.2 |      10 |       4 |  28.6
        D:5 |     195 |       0 |   0.0 |      13 |       0 |   0.0
            +---------+---------+-------+---------+---------+-------
